 Dungeon Crawl Stone Soup version 0.19-a0-1850-g63fd1ff (webtiles) character file.

1150 Psiweapon the Carver (level 8, -7/64 HPs)
             Began as a Minotaur Monk on Oct 10, 2016.
             Was a Believer of Dithmenos.
             Mangled by an orc warrior
             ... wielding a +0 scimitar of draining
              (17 damage)
             ... on level 6 of the Dungeon.
             The game lasted 00:15:26 (5324 turns).

Psiweapon the Carver (Minotaur Monk)                Turns: 5324, Time: 00:15:27

Health: -7/64      AC: 11    Str: 14 (16) XL:     8   Next: 15%
Magic:  16/16      EV: 12    Int:  6 (7)  God:    Dithmenos [**....]
Gold:   279        SH:  0    Dex: 12 (15) Spells: 0 memorised, 7 levels left

rFire  + . .     SeeInvis .     a - +0 falchion
rCold  . . .     Gourm    .     C - +4 ring mail {rF+}
rNeg   . . .     Faith    .     (no shield)
rPois  .         Spirit   .     (helmet restricted)
rElec  .         Dismiss  .     m - +0 cloak
rCorr  .         Reflect  .     z - +0 pair of gloves (curse)
MR     +....     Harm     .     (no boots)
Stlth  +.........               (no amulet)
                                I - ring of protection from magic
                                A - ring of magical power

@: wreathed by umbra, heavily drained
A: retaliatory headbutt, horns 2
a: Shadow Step, Renounce Religion


You were on level 6 of the Dungeon.
You worshipped Dithmenos.
Dithmenos was pleased with you.
You were hungry.

You visited 2 branches of the dungeon, and saw 8 of its levels.

You collected 279 gold pieces.

Inventory:

Hand Weapons
 a - a +0 falchion (weapon)
 b - a +0 hunting sling
 B - a +2 flail of holy wrath
 D - a +1 whip of venom
Missiles
 k - 128 stones (quivered)
 s - 7 needles of sleeping
 w - 13 sling bullets
 y - a throwing net
 G - 5 exploding tomahawks
Armour
 i - a +0 robe
 l - a +0 ring mail
 m - a +0 cloak (worn)
 x - a +0 scale mail
 z - a cursed +0 pair of gloves (worn)
 C - a +4 ring mail of fire resistance (worn)
Jewellery
 u - an uncursed ring of fire
 A - a ring of magical power (left hand)
 I - a ring of protection from magic (right hand)
Scrolls
 e - a scroll of noise {unknown}
 f - a scroll of recharging {unknown}
 g - a scroll of magic mapping {unknown}
 h - 3 scrolls of identify {unknown}
 n - a scroll of fog {unknown}
 o - a scroll of teleportation {unknown}
 p - 2 scrolls of enchant armour
 q - 2 scrolls of fear {unknown}
 r - a scroll of enchant weapon {unknown}
 v - a scroll of remove curse {unknown}
 E - 2 scrolls of amnesia {unknown}
 J - a scroll of brand weapon {unknown}
Potions
 t - 5 potions of brilliance
Comestibles
 c - 3 bread rations
 F - a slice of pizza


   Skills:
 - Level 3.6(1.6) Fighting
 - Level 10.1(7.7) Long Blades
 + Level 3.6(1.7) Armour
 * Level 5.9(3.8) Dodging
 - Level 1.5(0.0) Stealth


You had 7 spell levels left.
You didn't know any spells.

Dungeon Overview and Level Annotations

Branches:
Dungeon (7/15)             Temple (1/1) D:4

Altars:
Ashenzari
Cheibriados
Dithmenos
Elyvilon
Fedhas
Gozag
Hepliaklqana
Kikubaaqudgha
Nemelex Xobeh
Okawaru
Sif Muna
Trog
Uskayaw
Zin
The Shining One

Annotations:
D:6 exclusion: downstairs
D:7 Joseph


Innate Abilities, Weirdness & Mutations

You reflexively headbutt those who attack you in melee.
You have a pair of horns on your head.


Message History

You feel weakened.
You feel dopey.
You feel clumsy.
The orc warrior hits you with a scimitar of draining.
* * * LOW HITPOINT WARNING * * *
You feel drained.
* * * LOW HITPOINT WARNING * * *
You feel better.
The orc warrior hits you with a scimitar of draining!
* * * LOW HITPOINT WARNING * * *
You feel drained.
* * * LOW HITPOINT WARNING * * *
You hit the orc warrior. You headbutt the orc warrior.
The orc warrior is almost dead.
Unknown command.
You hit the orc warrior but do no damage.
The orc warrior is almost dead.
The orc warrior closely misses you.
You barely miss the orc warrior.
The orc warrior is almost dead.
The orc warrior hits you with a scimitar of draining!
You die...

#####################
...>.....o..o@.......
.........†#####.##.##
#....#..........#
#...........##..#
###.##.##.#.# #
..o##...#####.
#....###........
#....# #..######
......# ##.##


You could see an orc warrior and an orc.

Vanquished Creatures
  Sigmund (D:3)
  Edmund (D:4)
  An ice beast (D:5)
  A sky beast (D:5)
  A phantom (D:3)
  A bullfrog (D:6)
  3 wights (D:6)
  A crimson imp (D:5)
  3 orc wizards
  Ijyb (D:3)
  A worker ant (D:4)
  An iguana (D:4)
  A hound zombie (D:6)
  2 hound skeletons
  4 gnolls (D:3)
  4 adders
  A shadow imp (D:5)
  An ooze (D:2)
  2 worms
  A dart slug (D:1)
  7 leopard geckos
  12 orcs
  A ball python (D:4)
  6 bats
  5 giant cockroaches
  7 goblins
  8 hobgoblins
  4 jackals
  2 quokkas
  A frilled lizard (D:4)
  7 kobolds
  A quokka zombie (D:6)
  7 rats
100 creatures vanquished.

Notes
Turn   | Place    | Note
-------+----------+-------------------------------------------
     0 | D:1      | Psiweapon the Minotaur Monk began the quest for the Orb.
     0 | D:1      | Reached XP level 1. HP: 19/19 MP: 0/0
   303 | D:1      | Reached skill level 4 in Long Blades
   330 | D:1      | Reached XP level 2. HP: 25/26 MP: 1/1
   830 | D:2      | Reached skill level 5 in Long Blades
   904 | D:2      | Reached XP level 3. HP: 31/31 MP: 2/2
  1047 | D:3      | Noticed Ijyb
  1058 | D:3      | Killed Ijyb
  1283 | D:2      | Found a sparkling altar of Nemelex Xobeh.
  1290 | D:2      | Reached XP level 4. HP: 34/39 MP: 3/3
  1694 | D:5      | Entered Level 5 of the Dungeon
  1767 | D:3      | Noticed a phantom
  1780 | D:3      | Killed a phantom
  1780 | D:3      | Reached skill level 6 in Long Blades
  1780 | D:3      | Reached XP level 5. HP: 20/45 MP: 4/4
  2240 | D:3      | Found a bloodstained altar of Trog.
  2263 | D:3      | Found a shattered altar of Ashenzari.
  2328 | D:3      | Found a sparkling altar of Nemelex Xobeh.
  2665 | D:4      | Noticed Edmund
  2695 | D:4      | Killed Edmund
  2695 | D:4      | Reached skill level 7 in Long Blades
  2695 | D:4      | Reached XP level 6. HP: 9/51 MP: 5/5
  3169 | D:3      | Reached skill level 5 in Dodging
  3180 | D:3      | Noticed Sigmund
  3191 | D:3      | Killed Sigmund
  3191 | D:3      | Reached skill level 8 in Long Blades
  3920 | D:4      | Reached XP level 7. HP: 57/57 MP: 6/6
  4022 | D:5      | Reached skill level 1 in Armour
  4043 | D:5      | Found a shadowy altar of Dithmenos.
  4050 | D:5      | Became a worshipper of Dithmenos the Shadowed
  4050 | D:5      | Reached * piety under Dithmenos
  4050 | D:5      | Reached ** piety under Dithmenos
  4090 | D:5      | Reached skill level 9 in Long Blades
  4187 | D:7      | Noticed Joseph
  4355 | D:4      | Found an ancient bone altar of Kikubaaqudgha.
  4496 | D:4      | Found a staircase to the Ecumenical Temple.
  4506 | D:4      | Found an iron altar of Okawaru.
  4694 | Temple   | Entered the Ecumenical Temple
  4860 | D:5      | Reached XP level 8. HP: 64/64 MP: 7/7
  4948 | D:5      | Reached skill level 10 in Long Blades
  5324 | D:6      | Mangled by an orc warrior

Vault maps used:
D:1:      eino_arrival_cavern_a
D:2:      nemelex_dance_club_becter
D:3:      nicolae_overflow_crystal_walls, lightli_temple_of_fire, first_bread,
          nemelex_xobeh_ov_fountains_minmay, uniq_sigmund, uniq_iyjb
D:4:      overflow_temple_1_default, okawaru_trees_1, uniq_edmund
D:5:      nicolae_dithmenos_shadow_blocks, minmay_mini_ossuary
D:7:      nicolae_overflow_hidden_temple, lemuel_doored_altar, uniq_joseph,
          uniq_duvessa, uniq_pikel, uniq_menkaure
Temple:   nicolae_temple_figure_zero

Skill      XL: |  1  2  3  4  5  6  7  8 |
---------------+-------------------------+-----
Long Blades    | 4 5 6 7 8 9 10 | 10.1
Dodging        | 4 5 |  5.9
Armour         | 3 |  3.6
Fighting       | |  3.6
Stealth        | |  1.5

Action                   |  1- 3 |  4- 6 |  7- 9 || total
-------------------------+-------+-------+-------++-------
Melee: Falchion          |    56 |    97 |   152 ||   305
       Headbutt          |     7 |    25 |    33 ||    65
 Fire: Hunting sling     |    11 |    13 |     6 ||    30
Throw: Stone             |     1 |     1 |       ||     2
  Use: Potion            |       |     2 |     2 ||     4
       Scroll            |       |     1 |       ||     1
 Stab: Sleeping          |     4 |     1 |       ||     5
  Eat: Chunk             |     1 |     5 |     1 ||     7
       Beef jerky        |       |     1 |       ||     1
       Meat ration       |       |     1 |       ||     1
Armor: Robe              |     6 |     8 |       ||    14
       Ring mail         |       |    10 |    41 ||    51
Dodge: Dodged            |    29 |    58 |    89 ||   176
       Rpst.: Falchion   |     9 |    12 |    29 ||    50
